 Dungeon Sprint DCSS version 0.23.0 (webtiles) character file.

Game seed: 10320572906139679610

20200000 Fang the Conqueror (level 27, -22381/249 HPs)
             Began as a Demonspawn Gladiator on Feb 13, 2019.
             Was the Champion of Makhleb.
             Annihilated by The Meatlord
             ... wielding the +7 sceptre of Torment {pain, torment}
              (22496 damage)
             ... in the Dungeon (Sprint VIII: "Arena of Blood").
             The game lasted 00:02:19 (202 turns).

Fang the Conqueror (Demonspawn Gladiator)            Turns: 202, Time: 00:02:20

Health: -22381/249 AC:  8    Str: 31    XL:     27
Magic:  54/54      EV: 43    Int: 10    God:    Makhleb [******]
Gold:   0          SH:  0    Dex: 27    Spells: 80/80 levels left

rFire    . . .     SeeInvis +   l - +∞ Axe of Woe
rCold    + . .     Gourm    .   (shield currently unavailable)
rNeg     . . .     Faith    .   b - +0 leather armour
rPois    .         Spirit   .   c - +0 helmet
rElec    .         Reflect  .   (no cloak)
rCorr    .         Harm     .   (gloves unavailable)
MR       ++...     NoTele   +   (no boots)
Stlth    ++++++++++             (no amulet)
HPRegen  0.51/turn              v - ring of see invisible
MPRegen  0.34/turn              m - +30 ring of slaying

@: mighty, agile
A: claws 3, thin skeletal structure 3, cold resistance 1, nightstalker 3,
passive freeze, powered by pain 3, freezing cloud immunity
a: Minor Destruction, Lesser Servant of Makhleb, Major Destruction, Greater
Servant of Makhleb, Renounce Religion


You were in the Dungeon.
You worshipped Makhleb.
Makhleb was exalted by your worship.
You were not hungry.

You visited 1 branch

Inventory:

Hand Weapons
 a - a +0 war axe
 l - the +∞ Axe of Woe (weapon)
   (You found it in the Dungeon)
Missiles
 d - 3 throwing nets (quivered)
Armour
 b - a +0 leather armour (worn)
 c - a +0 helmet (worn)
Jewellery
 m - a +30 ring of slaying (right claw)
 n - a +30 ring of slaying
 o - a +30 ring of slaying
 p - a +30 ring of slaying
 q - a +30 ring of slaying
 r - a +30 ring of slaying
 s - a +30 ring of slaying
 t - a +30 ring of slaying
 u - a +30 ring of slaying
 v - a ring of see invisible (left claw)
Scrolls
 k - a scroll of blinking
Potions
 e - a potion of curing
 g - a potion of heal wounds
 h - a potion of haste
 i - 2 potions of magic
 j - a potion of berserk rage
Comestibles
 f - a ration


   Skills:
 O Level 27 Fighting
 O Level 27 Axes
 O Level 27 Throwing
 O Level 27 Armour
 O Level 27 Dodging
 O Level 27 Stealth
 O Level 27 Unarmed Combat
 O Level 27 Spellcasting
 O Level 27 Invocations


You had 80 spell levels left.
You didn't know any spells.
Your spell library was empty.

Dungeon Overview and Level Annotations

Branches:
Dungeon (1/1)

Altars:
Makhleb

Annotations:
D The Meatlord


Innate Abilities, Weirdness & Mutations

You have claws for hands.
You have an unnaturally thin skeletal structure. (Dex +6, Stealth++)
Your flesh is cold resistant. (rC+)
You are completely attuned to the shadows.
A frigid envelope surrounds you and freezes all who hurt you.
You are powered by pain.
You are immune to freezing clouds.


Message History

The fiery explosion engulfs you!!
* * * LOW HITPOINT WARNING * * *
The fiery explosion engulfs the bag of meat!!!
The fiery explosion engulfs the Tzitzimitl!
Makhleb accepts your kill.
You feel better.
You slice the bag of meat!!
You pulverise the bag of meat into a thin bloody mist.
You kill the bag of meat!
Makhleb accepts your kill.
You feel better.
You are engulfed in blazing flames.
You hear a shout!
A bag of meat comes into view. It is wielding a +9 war axe.
You hear a shout!
Unknown command. 2 orcs and an ogre come into view.
You are engulfed in blazing flames.
You hear a shout!
The Meatlord hits you with the +7 sceptre of Torment {pain, torment}!!!!!!!!!!!!
Ouch! That really hurt!
You die...

..........).......
#.....##.##).).....
..........%))).....
........#.#)%)○...
.........%..%)..####.
............○..).%...
...........%).)).....
....)........)))%o..o
...))).......)§§@&o..
...#)))....#...)§1ooo
...#.).....#...o1oo.O
.###.).....###§V.o§..
......###............
.....)._......
....#.....#
....#_)<)_#
....#..)).#


You could see The Meatlord, 2 Tzitzimimeh, a destroyer, a meat berserker
(berserk) and 10 bags of meat.

Vanquished Creatures
  3 vampire knights (D)
  19 ogres (D)
  4 two-headed ogres (D)
  101 orcs (D)
127 creatures vanquished.

Notes
Turn   | Place    | Note
-------+----------+-------------------------------------------
     0 | D        | Found the +∞ Axe of Woe
     0 | D        | Fang the Demonspawn Gladiator began the quest for the Orb.
     0 | D        | Reached XP level 1. HP: 16/16 MP: 1/1
     2 | D        | Noticed a bag of meat
     4 | D        | Became a worshipper of Makhleb the Destroyer
     5 | D        | Noticed a bag of meat
     6 | D        | Noticed a bag of meat
     6 | D        | Noticed a bag of meat
     8 | D        | Noticed a bag of meat
     9 | D        | Noticed a meat berserker
     9 | D        | Noticed a bag of meat
    11 | D        | Killed a bag of meat
    11 | D        | Gained mutation: You have a somewhat thin skeletal
                  | structure. (Dex +2, Stealth) [demonic ancestry]
    11 | D        | Reached XP level 2. HP: 43/43 MP: 2/2
    11 | D        | Gained mutation: You sometimes gain a little power by
                  | taking damage. [demonic ancestry]
    11 | D        | Reached XP level 3. HP: 49/49 MP: 3/3
    11 | D        | Reached XP level 4. HP: 56/56 MP: 4/4
    11 | D        | Reached XP level 5. HP: 62/62 MP: 5/5
    11 | D        | Reached XP level 6. HP: 69/69 MP: 6/6
    11 | D        | Gained mutation: You have sharp fingernails. [demonic
                  | ancestry]
    11 | D        | Reached XP level 7. HP: 75/75 MP: 7/7
    11 | D        | Gained mutation: You have a moderately thin skeletal
                  | structure. (Dex +4, Stealth+) [demonic ancestry]
    11 | D        | Reached XP level 8. HP: 82/82 MP: 8/8
    11 | D        | Reached XP level 9. HP: 88/88 MP: 9/9
    11 | D        | Gained mutation: You have very sharp fingernails. [demonic
                  | ancestry]
    11 | D        | Reached XP level 10. HP: 95/95 MP: 10/10
    11 | D        | Gained mutation: You are slightly more attuned to the
                  | shadows. [demonic ancestry]
    11 | D        | Reached XP level 11. HP: 101/101 MP: 11/11
    11 | D        | Killed a bag of meat
    11 | D        | Reached * piety under Makhleb
    11 | D        | Reached skill level 15 in Axes
    11 | D        | Reached skill level 15 in Throwing
    11 | D        | Reached skill level 15 in Dodging
    11 | D        | Gained mutation: You are significantly more attuned to the
                  | shadows. [demonic ancestry]
    11 | D        | Reached XP level 12. HP: 113/113 MP: 12/12
    12 | D        | Killed a bag of meat
    12 | D        | Gained mutation: You sometimes gain power by taking damage.
                  | [demonic ancestry]
    12 | D        | Reached XP level 13. HP: 116/122 MP: 13/13
    13 | D        | Killed a meat berserker
    13 | D        | Gained mutation: You have claws for hands. [demonic
                  | ancestry]
    13 | D        | Reached XP level 14. HP: 136/136 MP: 14/14
    14 | D        | Killed a bag of meat
    14 | D        | Reached ** piety under Makhleb
    14 | D        | Reached XP level 15. HP: 144/144 MP: 15/15
    24 | D        | Noticed a meat berserker
    26 | D        | Noticed a meat berserker
    27 | D        | Reached *** piety under Makhleb
    27 | D        | Reached XP level 16. HP: 157/157 MP: 16/16
    27 | D        | Noticed a meat berserker
    29 | D        | Killed a meat berserker
    29 | D        | Gained mutation: You are completely attuned to the shadows.
                  | [demonic ancestry]
    29 | D        | Reached XP level 17. HP: 147/169 MP: 17/17
    30 | D        | Killed a meat berserker
    30 | D        | Reached **** piety under Makhleb
    30 | D        | Killed a meat berserker
    30 | D        | Reached skill level 27 in Fighting
    30 | D        | Gained mutation: You have an unnaturally thin skeletal
                  | structure. (Dex +6, Stealth++) [demonic ancestry]
    30 | D        | Reached XP level 18. HP: 182/182 MP: 18/18
    30 | D        | Reached skill level 27 in Axes
    30 | D        | Reached skill level 27 in Dodging
    31 | D        | Reached skill level 27 in Throwing
    32 | D        | Reached ***** piety under Makhleb
    34 | D        | Reached skill level 10 in Armour
    34 | D        | Reached skill level 10 in Unarmed Combat
    34 | D        | Reached skill level 10 in Spellcasting
    34 | D        | Gained mutation: Your flesh is cold resistant. (rC+)
                  | [demonic ancestry]
    34 | D        | Reached XP level 19. HP: 189/189 MP: 30/33
    37 | D        | Reached skill level 15 in Stealth
    42 | D        | Noticed a meat berserker
    43 | D        | Reached skill level 15 in Armour
    43 | D        | Reached skill level 15 in Unarmed Combat
    43 | D        | Reached skill level 15 in Spellcasting
    45 | D        | Killed a meat berserker
    45 | D        | Reached XP level 20. HP: 197/197 MP: 38/41
    46 | D        | Reached ****** piety under Makhleb
    47 | D        | Noticed a meat berserker
    48 | D        | Reached skill level 27 in Invocations
    48 | D        | Reached XP level 21. HP: 204/204 MP: 38/45
    53 | D        | Reached XP level 22. HP: 142/212 MP: 39/51
    53 | D        | Reached skill level 27 in Stealth
    54 | D        | Reached skill level 27 in Armour
    54 | D        | Reached skill level 27 in Unarmed Combat
    54 | D        | Reached skill level 27 in Spellcasting
    55 | D        | Reached XP level 23. HP: 219/219 MP: 40/54
    73 | D        | Gained mutation: You are powered by pain. [demonic
                  | ancestry]
    73 | D        | Reached XP level 24. HP: 227/227 MP: 45/54
    76 | D        | Noticed a large bag of meat
    78 | D        | Gained mutation: You are immune to freezing clouds.
                  | [demonic ancestry]
    78 | D        | Reached XP level 25. HP: 234/234 MP: 47/54
    83 | D        | Killed a large bag of meat
    83 | D        | Gained mutation: A frigid envelope surrounds you and
                  | freezes all who hurt you. [demonic ancestry]
    83 | D        | Reached XP level 26. HP: 242/242 MP: 48/54
   100 | D        | Reached XP level 27. HP: 249/249 MP: 53/54
   143 | D        | Noticed a destroyer
   149 | D        | Killed a destroyer
   167 | D        | Noticed a large bag of meat
   170 | D        | Killed a large bag of meat
   176 | D        | Noticed a large bag of meat
   181 | D        | Killed a large bag of meat
   183 | D        | Noticed a destroyer
   189 | D        | HP: 10/249 [destroyer/+9 great sword of slicing (33)]
   190 | D        | Killed a destroyer
   194 | D        | Noticed a destroyer
   197 | D        | Noticed The Meatlord
   197 | D        | HP: 9/249 [destroyer/+9 great sword of slicing (21)]
   197 | D        | Noticed a large bag of meat
   198 | D        | Noticed a destroyer
   198 | D        | Killed a destroyer
   201 | D        | Killed a large bag of meat
   202 | D        | Annihilated by The Meatlord

Skill      XL: |  1  2  3  4  5  6  7  8  9 10 11 12 13 14 15 16 17 18 19 20 21 22 |
---------------+-------------------------------------------------------------------+-----
Fighting       | 14 16 18 20 21 23 25 27 | 27.0
Axes           | 13 15 17 19 22 23 26 27 | 27.0
Throwing       | 13 15 16 18 19 21 23 26 27 | 27.0
Dodging        | 13 15 17 19 22 23 26 27 | 27.0
Armour         | 10 17 20 25 27 | 27.0
Stealth        | 11 18 22 26 27 | 27.0
Unarmed Combat | 10 17 20 25 27 | 27.0
Spellcasting   | 10 17 20 25 27 | 27.0
Invocations    | 14 22 27 | 27.0

Action                   |  1- 3 |  4- 6 |  7- 9 | 10-12 | 13-15 | 16-18 | 19-21 | 22-24 | 25-27 || total
-------------------------+-------+-------+-------+-------+-------+-------+-------+-------+-------++-------
Melee: Executioner's axe |     1 |       |       |     1 |     5 |     5 |    10 |    12 |    46 ||    80
 Stab: Distracted        |       |       |       |       |       |       |     1 |       |       ||     1
Armor: Leather armour    |       |       |       |       |       |       |       |       |     2 ||     2
Dodge: Dodged            |       |       |       |       |       |       |       |     4 |     8 ||    12
